 Dungeon Crawl Stone Soup version 0.28-a0-1147-gc7b72d3202 (webtiles) character file.

Game seed: 14788711756063377232

637 ChaosChampion the Magician (level 7, -1/36 HPs)
             Began as a Deep Elf Conjurer on Dec 14, 2021.
             Was an Initiate of Vehumet.
             Slain by Blork the orc (5 damage)
             ... on level 5 of the Dungeon.
             The game lasted 00:09:52 (6242 turns).

ChaosChampion the Magician (Deep Elf Conjurer)      Turns: 6242, Time: 00:09:53

Health: -1/36      AC: 15    Str:  6    XL:     7   Next: 25%
Magic:  11/19      EV:  7    Int: 25    God:    Vehumet [......]
Gold:   215        SH:  0    Dex: 16    Spells: 12/19 levels left

rFire   + . .      SeeInvis .   (no weapon)
rCold   . . .      Faith    .   (no shield)
rNeg    . . .      Spirit   .   v - +6 scale mail of Dim Light {rF+ Str+2 Dex+3}
rPois   .          Reflect  .   (no helmet)
rElec   .          Harm     .   (no cloak)
rCorr   .          Rampage  .   h - +2 pair of gloves
Will    .....                   (no boots)
Stlth   +.........              (no amulet)
HPRegen 0.12/turn               (no ring)
MPRegen 0.16/turn               (no ring)

@: very slightly contaminated
A: no striking features
a: Renounce Religion


You were on level 5 of the Dungeon.
You worshipped Vehumet.
Vehumet was noncommittal.
You visited 1 branch of the dungeon, and saw 5 of its levels.

You collected 215 gold pieces.

Inventory:

Armour
 c - a +0 buckler
 h - a +2 pair of gloves (worn)
 v - the +6 scale mail of Dim Light (worn) {rF+ Str+2 Dex+3}
   (You found it on level 5 of the Dungeon)

   Str:       It affects your strength (+2).
   Dex:       It affects your dexterity (+3).
   rF:        It protects you from fire.
Jewellery
 o - an amulet of guardian spirit
Wands
 q - a wand of flame (20)
Scrolls
 b - 2 scrolls of teleportation {unknown}
 e - 3 scrolls of enchant weapon {unknown}
 i - 2 scrolls of blinking {unknown}
 k - a scroll of immolation {unknown}
 l - a scroll of holy word {unknown}
 m - a scroll of fear {unknown}
 n - a scroll of noise {unknown}
 u - a scroll of enchant armour {unknown}
Potions
 a - a potion of ambrosia {unknown}
 d - 3 potions of might {unknown}
 f - 2 potions of curing {unknown}
 g - a potion of heal wounds {unknown}
 j - a potion of cancellation {unknown}
 p - a potion of haste {unknown}
 r - a potion of flight {unknown}
 s - a potion of attraction {unknown}


   Skills:
 - Level 2.4 Dodging
 - Level 2.4 Stealth
 + Level 6.7 Spellcasting
 + Level 6.6 Conjurations
 * Level 4.6 Translocations


You had 12 spell levels left.
You knew the following spells:

 Your Spells              Type           Power      Damage    Failure   Level
a - Magic Dart            Conj           100%       1d8       8%          1
b - Searing Ray           Conj           82%        2d7       12%         2
d - Iskenderun's Mystic   Conj/Tloc      36%        2d9       75%         4

Your spell library contained the following spells:

 Spells                   Type           Power      Damage    Failure   Level
 Dazzling Flash           Conj/Hex       50%        N/A       67%         3
 Animate Skeleton         Necr           16%        N/A       77%         1
 Pain                     Necr           32%        1d5       77%         1
 Fulminant Prism          Conj/Hex       12%        3d9       97%         4
 Vampiric Draining        Necr           8%         2d6       98%         3


Dungeon Overview and Level Annotations

Branches:
Dungeon (5/15)
 Temple: D:4-7

Altars:
Fedhas
Sif Muna
Vehumet
Zin

Annotations:
D:3 Ijyb
D:5 Blork the orc, Sigmund


Message History

Okay, then.
There is a stone staircase leading down here.
There is a stone staircase leading down here.
There is a stone staircase leading down here.
You climb downwards.
Level annotation: Sigmund
There is a stone staircase leading up here.
Blork the orc comes into view.
He is wielding a +0 scimitar.
Blork the orc shouts!
Casting: Searing Ray (safe; 12% risk of failure)
Confirm with . or Enter, or press ? or * to list all spells.
Aiming: Searing Ray (safe; 12% risk of failure)
Press: ? - help, Shift-Dir - straight line, f - Blork the orc
Aim: Blork the orc, wielding a +0 scimitar and wearing a +0 robe (84% to hit)
The searing ray hits Blork the orc.
Blork the orc is lightly wounded. (Press . to maintain the ray.)
The searing ray hits Blork the orc.
Blork the orc is lightly wounded.
The searing ray hits Blork the orc!
Blork the orc is heavily wounded.
Blork the orc points at you and mumbles some strange words.
The puff of flame hits you but does no damage.
You resist.
The searing ray hits Blork the orc!
Blork the orc is severely wounded.
You finish channelling your searing ray.
Blork the orc hits you with a +0 scimitar!
Blork the orc screams, "I'll drink your blood!
Soon!"
Blork the orc casts a cantrip, but nothing happens.
Casting: Searing Ray (safe; 12% risk of failure)
Confirm with . or Enter, or press ? or * to list all spells.
The spell is potentially lethal to miscast (75% risk of failure)!
Continue anyway?
You miscast Iskenderun's Mystic Blast.
You are very lightly contaminated with residual magic.
You are caught in a violent explosion!!
Ouch! That really hurt!
* * * LOW HITPOINT WARNING * * *
Blork the orc hits you with a +0 scimitar.
You die... ####### #<..@.# #####o# .# .# .# ##

You could see Blork the orc.

Vanquished Creatures
  Menkaure (D:5)
  The ghost of xoxolimbo the Firebug, an amateur DsFE (D:3)
  A scorpion (D:4)
  3 wights (D:4)
  Jessica (D:3)
  An orc wizard (D:5)
  A hound skeleton (D:4)
  A howler monkey zombie (D:5)
  4 gnolls (D:4)
  5 adders
  An ufetubus (D:5)
  3 adder skeletons (D:4)
  4 worms
  2 dart slugs
  3 orcs (D:5)
  7 ball pythons
  2 endoplasms
  3 giant cockroaches
  11 goblins
  7 hobgoblins
  A quokka (D:1)
  4 bats
  2 frilled lizards
  8 kobolds
  9 rats
86 creatures vanquished.

Notes
Turn   | Place    | Note
-------+----------+-------------------------------------------
     0 | D:1      | ChaosChampion the Deep Elf Conjurer began the quest for the
                  | Orb.
     0 | D:1      | Reached XP level 1. HP: 10/10 MP: 6/6
   446 | D:1      | Reached XP level 2. HP: 15/15 MP: 3/8
  1464 | D:2      | Reached skill level 5 in Conjurations
  1464 | D:2      | Reached XP level 3. HP: 19/19 MP: 7/10
  1529 | D:2      | Learned a level 2 spell: Searing Ray
  2327 | D:3      | Found a faded altar of an unknown god.
  2496 | D:3      | Found a glowing silver altar of Zin.
  2496 | D:3      | Noticed an angel
  2625 | D:3      | Noticed Ijyb
  2799 | D:3      | Noticed Jessica
  2801 | D:3      | Killed Jessica
  2802 | D:3      | Reached XP level 4. HP: 24/24 MP: 9/12
  2951 | D:3      | Reached skill level 5 in Spellcasting
  2968 | D:3      | Found a runed translucent door.
  3159 | D:3      | Noticed xoxolimbo's ghost (amateur DsFE)
  3588 | D:3      | Found a shimmering blue altar of Sif Muna.
  3857 | D:3      | Learned a level 4 spell: Iskenderun's Mystic Blast
  3864 | D:3      | Killed xoxolimbo's ghost
  3865 | D:3      | Reached skill level 1 in Translocations
  3865 | D:3      | Reached XP level 5. HP: 15/28 MP: 4/15
  4495 | D:4      | Reached XP level 6. HP: 20/32 MP: 8/16
  4624 | D:4      | Found a radiant altar of Vehumet.
  4635 | D:4      | Became a worshipper of Vehumet
  5542 | D:5      | Entered Level 5 of the Dungeon
  5598 | D:5      | Noticed Menkaure
  5611 | D:5      | Killed Menkaure
  5612 | D:5      | Reached XP level 7. HP: 13/36 MP: 0/18
  5824 | D:5      | Identified the +6 scale mail of Dim Light {rF+ Str+2 Dex+3}
  5855 | D:5      | Found a blossoming altar of Fedhas.
  6141 | D:5      | Noticed Sigmund
  6236 | D:5      | Noticed Blork the orc
  6242 | D:5      | Slain by Blork the orc

Illustrated notes

Levels and vault maps discovered:
D:1:      wander_arrival_lonely_grave, layout_loops_cross, minmay_pentomino_v4
D:2:      layout_loops_corners, roderic_roman_lattice
D:3:      layout_loops_corners, zin_angel, marbit_many_paths,
          shapermc_ecumenical_altar_mp_urbaneastern,
          ebering_ghost_reflecting_pool, uniq_ijyb, uniq_jessica
D:4:      layout_loops_ring, vehumet_altar_wand_db, minivault_27,
          abandoned_shop, chequers_arboretum, minmay_quadrilaterals
D:5:      layout_basic, mainiacjoe_overflow_tiny_flanked, uniq_blork_the_orc,
          uniq_menkaure, uniq_sigmund, uniq_pikel

Skill      XL: |  1  2  3  4  5  6 |
---------------+-------------------+-----
Spellcasting   | 4 5 6 |  6.7
Conjurations   | 5 6 |  6.6
Translocations | 1 2 4 |  4.6
Dodging        | |  2.4
Stealth        | |  2.4

Action                   |  1- 3 |  4- 6 |  7- 9 || total
-------------------------+-------+-------+-------++-------
Melee: Unarmed           |     3 |       |       ||     3
 Cast: Magic Dart        |    67 |    48 |     5 ||   120
       Searing Ray       |     3 |    33 |     6 ||    42
       Iskenderun's Myst |       |     2 |       ||     2
Armor: Robe              |       |     2 |     2 ||     4
       Scale mail        |       |       |     3 ||     3
Dodge: Dodged            |     7 |     9 |     8 ||    24

Table legend: (Time is in decaauts)
 A = Elapsed time spent in this place.
 B = Non-inter-level travel time spent in this place.
 C = Inter-level travel time spent in this place.
 D = Time resting spent in this place.
 E = Time spent auto-exploring this place.
 F = Levels seen in this place.
 G = Mean time per level.
                   A        B        C        D        E       F      G
               +--------+--------+--------+--------+--------+-----+--------+
         Total |   6246 |   6084 |    162 |    190 |   5117 |   5 | 1249.2 |
       Dungeon |   6246 |   6084 |    162 |    190 |   5117 |   5 | 1249.2 |
               +--------+--------+--------+--------+--------+-----+--------+

Top non-repeatable levels by time:
     D:3: 1778 daAuts
     D:4: 1773 daAuts
     D:1: 1157 daAuts
     D:2: 1090 daAuts
     D:5: 446 daAuts
